 Dungeon Crawl Stone Soup version 0.20.1-1-g8b1a95d (webtiles) character file.

249 equalderp2856 the Covered (level 5, -2/47 HPs)
             Began as a Minotaur Fighter on Aug 28, 2017.
             Slain by an ogre
             ... wielding a +0 giant club
              (16 damage)
             ... on level 4 of the Dungeon.
             The game lasted 00:05:43 (2659 turns).

equalderp2856 the Covered (Minotaur Fighter)        Turns: 2659, Time: 00:05:44

Health: -2/47      AC:  9    Str: 20    XL:     5   Next: 87%
Magic:  13/13      EV:  8    Int:  5    God:
Gold:   170        SH: 10    Dex: 11    Spells: 4/4 levels left

rFire    . . .     SeeInvis .   a - +0 war axe
rCold    . . .     Gourm    .   c - +0 shield
rNeg     . . .     Faith    .   b - +0 scale mail
rPois    .         Spirit   .   (helmet restricted)
rElec    .         Reflect  .   (no cloak)
rCorr    .         Harm     .   (no gloves)
MR       .....                  y - +1 pair of boots
Stlth    ..........             (no amulet)
Regen    0.2/turn               (no ring)
MPRegen  0.2/turn               p - ring of magical power

@: no status effects
A: retaliatory headbutt, horns 2
a: no special abilities


You were on level 4 of the Dungeon.
You were hungry.

You visited 1 branch of the dungeon, and saw 4 of its levels.

You collected 170 gold pieces.

Inventory:

Hand Weapons
 a - a +0 war axe (weapon)
Armour
 b - a +0 scale mail (worn)
 c - a +0 shield (worn)
 y - a +1 pair of boots (worn)
Jewellery
 k - an uncursed ring of loudness
 m - an uncursed amulet of harm
 p - a ring of magical power (right hand)
 t - an uncursed ring of teleportation
Scrolls
 e - a scroll of fear {unknown}
 j - a scroll of recharging
 l - a scroll of amnesia
 q - a scroll of teleportation {unknown}
Potions
 d - a potion of might
 g - a potion of cancellation
 h - a potion of magic {unknown}
 i - a potion of ambrosia {unknown}
 n - a potion of mutation {unknown}
 o - a potion of flight {unknown}
 s - a potion of heal wounds {unknown}
 u - 2 potions of curing
Comestibles
 f - 4 bread rations
 r - a meat ration
 v - 2 royal jellies


   Skills:
 + Level 4.6 Fighting
 + Level 4.5 Axes
 + Level 5.0 Armour
 + Level 1.2 Dodging
 + Level 5.0 Shields


You had 4 spell levels left.
You didn't know any spells.

Dungeon Overview and Level Annotations

Branches:
Dungeon (4/15)
 Temple: D:4-7

Altars:
Cheibriados
Makhleb
Okawaru


Innate Abilities, Weirdness & Mutations

You reflexively headbutt those who attack you in melee.
You have a pair of horns on your head.


Message History

The ogre hits you with a giant club!!
You hit the ogre.
The ogre is heavily wounded.
The ogre hits you with a giant club!!
* * * LOW HITPOINT WARNING * * *
There is a stone staircase leading down here.
Okay, then.
It was a potion of cancellation.
You feel magically purged. The ogre closely misses you.
Unknown command.
Unknown command.
It was a potion of curing.
You feel better. The ogre closely misses you.
You block the adder skeleton's attack. You block the adder skeleton's attack.
The ogre closely misses you. You block the adder skeleton's attack.
Found a glaive.
The adder skeleton bites you but does no damage.
The ogre hits you with a giant club!
You die...

##.. ##... ###....
############......
##.................
##....<.......###...
#.)............###.#
#..............#...#
#..@.............#..
#..O............##.#
#..Z................
##..........<....###
#...............#
#...........^...#
#...............#
##.........>...##
##.....#.....##


You could see an ogre and an adder skeleton.

Vanquished Creatures
  A howler monkey (D:3)
  An orc priest (D:1)
  A jelly (D:4)
  5 adders
  2 oozes
  2 worms
  2 dart slugs (D:1)
  3 leopard geckos (D:1)
  9 orcs
  4 ball pythons
  4 giant cockroaches
  9 goblins
  10 hobgoblins
  5 jackals
  2 quokkas
  A bat (D:2)
  3 frilled lizards
  5 kobolds
  5 rats
74 creatures vanquished.

Notes
Turn   | Place    | Note
-------+----------+-------------------------------------------
     0 | D:1      | equalderp2856 the Minotaur Fighter began the quest for the Orb.
     0 | D:1      | Reached XP level 1. HP: 19/19 MP: 0/0
   466 | D:1      | Reached XP level 2. HP: 27/27 MP: 1/1
  1004 | D:1      | Reached XP level 3. HP: 33/33 MP: 2/2
  1128 | D:2      | Found a burning altar of Makhleb.
  1647 | D:1      | Reached XP level 4. HP: 24/40 MP: 3/3
  1724 | D:2      | Found an iron altar of Okawaru.
  2229 | D:3      | Reached XP level 5. HP: 34/47 MP: 4/4
  2232 | D:3      | Reached skill level 1 in Dodging
  2581 | D:4      | Found a snail-covered altar of Cheibriados.
  2583 | D:4      | Reached skill level 5 in Armour
  2583 | D:4      | Reached skill level 5 in Shields
  2626 | D:4      | Noticed an ogre
  2659 | D:4      | Slain by an ogre

Skill      XL: |  1  2  3  4  5 |
---------------+----------------+-----
Shields        | 4 5 |  5.0
Fighting       | 4 |  4.6
Axes           | 3 4 |  4.5
Armour         | 4 5 |  5.0
Dodging        | 1 |  1.2

Action                   |  1- 3 |  4- 6 || total
-------------------------+-------+-------++-------
Melee: War axe           |    86 |    92 ||   178
       Headbutt          |    12 |    11 ||    23
  Use: Scroll            |       |     7 ||     7
       Potion            |       |     2 ||     2
  Eat: Chunk             |       |     5 ||     5
Armor: Scale mail        |    28 |    47 ||    75
Dodge: Dodged            |    27 |    37 ||    64
Block: Shield            |    50 |    53 ||   103
